 Dungeon Crawl Stone Soup version 0.29.1-13-g9f3cf754e1 (webtiles) character file.

Game seed: 4140780339719746674

142 sankara the Chopper (level 5, -1/47 HPs)
             Began as a Hill Orc Fighter on Jan 31, 2023.
             Slain by Menkaure (14 damage)
             ... on level 4 of the Dungeon.
             The game lasted 00:04:38 (3130 turns).

sankara the Chopper (Hill Orc Fighter)              Turns: 3130, Time: 00:04:39

Health: -1/47      AC:  9    Str: 19    XL:     5   Next: 24%
Magic:  5/5        EV:  9    Int:  8    God:
Gold:   139        SH:  5    Dex: 12    Spells: 4/4 levels left

rFire   . . .      SeeInvis .   a - +0 war axe
rCold   . . .      Faith    .   c - +0 buckler
rNeg    . . .      Spirit   .   b - +0 scale mail
rPois   .          Reflect  .   (no helmet)
rElec   .          Harm     .   (no cloak)
rCorr   .          Rampage  .   k - +1 Delatra's gloves {ID++}
Will    .....                   (no boots)
Stlth   ..........              (no amulet)
HPRegen 0.15/turn               (no ring)
MPRegen 0.09/turn               (no ring)

@: brilliant
A: no striking features
a: no special abilities


You were on level 4 of the Dungeon.
You visited 1 branch of the dungeon, and saw 4 of its levels.

You collected 139 gold pieces.

Inventory:

Hand Weapons
 a - a +0 war axe (weapon)
Missiles
 p - 2 poisoned darts (quivered)
 r - 5 boomerangs
Armour
 b - a +0 scale mail (worn)
 c - a +0 buckler (worn)
 k - the +1 Delatra's gloves (worn) {ID++}
   (You found it on level 2 of the Dungeon)

   It heals its wearer when they drink unknown potions.
   It restores its wearer's MP when they read unknown scrolls.
Jewellery
 n - the ring "Ostreafu" {Fire Int+3}
   (You found it on level 2 of the Dungeon)

   [ring of fire]

   It enhances your fire magic.
   Int:       It affects your intelligence (+3).
   rF:        It protects you from fire.
   rC:        It makes you vulnerable to cold.
Wands
 s - a wand of roots (10)
 u - a wand of light (13)
Scrolls
 e - a scroll of acquirement {unknown}
 f - a scroll of torment {unknown}
 g - a scroll of noise {unknown}
 h - 4 scrolls of identify {unknown}
 i - 2 scrolls of teleportation {unknown}
 j - 2 scrolls of amnesia {unknown}
 t - 3 scrolls of blinking {unknown}
Potions
 d - a potion of might
 l - a potion of brilliance
 m - a potion of flight {unknown}
 o - a potion of lignification {unknown}
 q - 2 potions of mutation {unknown}


   Skills:
 + Level 4.4 Fighting
 * Level 4.9 Axes
 + Level 4.0 Armour
 + Level 4.1 Shields


You had 4 spell levels left.
You didn't know any spells.
Your spell library contained the following spells:

 Spells                   Type           Power      Damage    Failure   Level
 Magic Dart               Conj           0%         1d3       86%         1
 Call Imp                 Summ           0%         N/A       94%         2
 Mephitic Cloud           Conj/Pois/Air  0%         N/A       99%         3


Dungeon Overview and Level Annotations

Branches:
Dungeon (4/15)
 Temple: D:4-7

Altars:

Shops:
D:1 ?

Annotations:
D:3 3 runed translucent doors, gargbit's ghost, weakling DsGl
D:4 Menkaure


Message History

The white imp gestures at you. The puff of frost misses you.
Unknown command.
You hit Menkaure but do no damage.
Menkaure is severely damaged.
You closely miss the white imp. Menkaure misses you.
The white imp hits you but does no damage.
Menkaure hits you!
* * * LOW HITPOINT WARNING * * *
Unknown command.
You hit Menkaure.
Menkaure is severely damaged.
You closely miss the white imp.
Menkaure calls on the powers of darkness!
Your body is wracked with pain!
* * * LOW HITPOINT WARNING * * *
You block the white imp's attack.
The white imp hits you but does no damage.
Menkaure hits you.
* * * LOW HITPOINT WARNING * * *
It was a potion of brilliance.
You feel clever all of a sudden.
The energy of discovery flows from your fingertips!
You feel much better. Menkaure barely misses you.
The white imp hits you but does no damage.
You barely miss Menkaure.
Menkaure is severely damaged.
You barely miss the white imp. Menkaure hits you but does no damage.
The white imp shouts, "Fly, thou rank fool-headed crab-lanthorn!"
The white imp hits you but does no damage.
You barely miss Menkaure.
Menkaure is severely damaged.
You hit the white imp but do no damage. Menkaure casts a spell at you.
Pain shoots through your body!
The white imp laughs crazily.
The white imp hits you. The white imp freezes you.
* * * LOW HITPOINT WARNING * * *
Menkaure hits you!
You die...

##......#.. #.......#..
####+####.......'..
#.......#.......#..
##.......##......#..
+.........+......#..
##.........##...##### ..
#....M......#.#'#...#
#...#####.@5....#
###...... #.....#'#...#+#
#........
#####...##########.......
###.######...'.......
#........####......
########## #......
####+##


You could see Menkaure (fast) and a white imp.

Vanquished Creatures
  A jelly (D:4)
  Jessica (D:2)
  3 adders
  3 dart slugs
  An orc (D:3)
  3 ball pythons
  5 bats
  4 endoplasms
  2 giant cockroaches (D:3)
  7 goblins
  7 hobgoblins
  3 quokkas
  2 frilled lizards (D:1)
  A kobold (D:3)
  6 rats
49 creatures vanquished.

Vanquished Creatures (others)
  A fungus (D:3)
  4 plants
5 creatures vanquished.

Grand Total: 54 creatures vanquished

Notes
Turn   | Place    | Note
-------+----------+-------------------------------------------
     0 | D:1      | sankara the Hill Orc Fighter began the quest for the Orb.
     0 | D:1      | Reached XP level 1. HP: 19/19 MP: 1/1
   179 | D:1      | Found Tuarufon's Magic Scroll Shop.
   181 | D:1      | Reached XP level 2. HP: 27/27 MP: 2/2
   603 | D:1      | Found a faded altar of an unknown god.
  1059 | D:2      | Reached XP level 3. HP: 32/33 MP: 3/3
  1096 | D:2      | Found the +1 Delatra's gloves {ID++}
  1243 | D:2      | Noticed Jessica
  1252 | D:2      | Killed Jessica
  1253 | D:2      | Reached XP level 4. HP: 16/40 MP: 4/4
  1537 | D:2      | Identified the ring "Ostreafu" {Fire Int+3}
  2635 | D:3      | Found a runed translucent gate.
  2635 | D:3      | Found a runed translucent gate.
  2635 | D:3      | Found a runed translucent gate.
  2635 | D:3      | Noticed gargbit's ghost (weakling DsGl)
  2637 | D:3      | Noticed a kobold brigand
  2810 | D:4      | Reached XP level 5. HP: 31/47 MP: 5/5
  3119 | D:4      | Noticed Menkaure
  3127 | D:4      | HP: 2/47 [Menkaure (6)]
  3130 | D:4      | Slain by Menkaure

Illustrated notes

Levels and vault maps discovered:
D:1:      dpeg_arrival_rooms_b, layout_loops_ring,
          shapermc_ecumenical_altar_flowoftime, serial_glass, glass_columns_a,
          glass_columns_a, serial_shops, shop_scrolls
D:2:      layout_loops_ring, serial_bayou_lagoon_b, uniq_jessica
D:3:      layout_basic, gammafunk_ghost_nasty_kobolds, kennysheep_generic_room_6
D:4:      nicolae_cairo_tiling_very_big, layout_rooms,
          minmay_temple_entry_fiery, uniq_menkaure

Skill      XL: |  1  2  3  4 |
---------------+-------------+-----
Axes           | 3 4 |  4.9
Fighting       | 4 |  4.4
Armour         | 4 |  4.0
Shields        | 4 |  4.1

Action                   |  1- 3 |  4- 6 || total
-------------------------+-------+-------++-------
Melee: War axe           |    68 |    82 ||   150
  Use: Potion            |       |     1 ||     1
Armor: Scale mail        |    27 |    65 ||    92
Dodge: Dodged            |    36 |    44 ||    80
Block: Buckler           |    14 |    19 ||    33
